 Seeded DCSS version 0.31-a0-626-g8143ab4f1d (webtiles) character file.

Game seed: 13457127628091589946 (custom seed)

60 Iich the Trooper (level 3, -12/30 HPs)
             Began as a Demonspawn Fighter on Aug 25, 2023.
             Killed by nerve-wracking pain
             ... invoked by Jessica
              (13 damage)
             ... on level 2 of the Dungeon.
             The game lasted 00:02:26 (947 turns).

Iich the Trooper (Demonspawn Fighter)                Turns: 947, Time: 00:02:27

Health: -12/30     AC: 11    Str: 18    XL:     3   Next: 82%
Magic:  3/3        EV: 10    Int:  9    God:
Gold:   89         SH:  5    Dex: 18    Spells: 2/2 levels left

rFire   . . .        a - +0 war axe
rCold   . . .        c - +0 buckler
rNeg    . . .        b - +0 scale mail
rPois   .            (helmet restricted)
rElec   .            (no cloak)
rCorr   .            n - +0 pair of gloves
SInv    .            (no boots)
Will    .....        j - amulet of magic regeneration Stlth
                     h - +6 ring of dexterity
HPRegen 0.25/turn    m - +4 ring of protection
MPRegen 0.48/turn

%: no passive effects
@: no status effects
A: horns 2
a: no special abilities


You were on level 2 of the Dungeon.
You visited 1 branch of the dungeon, and saw 2 of its levels.

You collected 89 gold pieces.

Inventory:

Hand Weapons
 a - a +0 war axe (weapon)
Armour
 b - a +0 scale mail (worn)
 c - a +0 buckler (worn)
 n - a +0 pair of gloves (worn)
Jewellery
 h - a +6 ring of dexterity (left hand)
 j - an amulet of magic regeneration (around neck)
 m - a +4 ring of protection (right hand)
 N - a ring of positive energy
Scrolls
 e - a scroll of noise
 l - a scroll of enchant weapon
 t - 2 scrolls of teleportation
Potions
 d - a potion of might
 f - a potion of berserk rage {unknown}
 g - a potion of heal wounds {unknown}
 i - a potion of attraction {unknown}
 o - a potion of haste {unknown}


   Skills:
 + Level 3.7 Fighting
 + Level 2.5 Axes
 - Level 2.6 Armour
 + Level 1.6 Dodging
 - Level 2.6 Shields


You had 2 spell levels left.
You didn't know any spells.
Your spell library was empty.

Dungeon Overview and Level Annotations

Branches:
Dungeon (2/15)

Altars:

Annotations:
D:2 Jessica


Innate Abilities, Weirdness & Mutations

You have a pair of horns on your head.


Message History

The ball python constricts you.
You closely miss the ball python. Your headbutt misses the ball python.
The ball python bites you. The ball python constricts you.
You take 3 damage, and have 27/30 hp.
You hit the ball python but do no damage.
You headbutt the ball python.
You kill the ball python!
No target in view!
No target in view!
No target in view!
No target in view!
No target in view!
You see here a ball python corpse.
Found a plate armour.
Health restored: 30 Jessica the Apprentice Sorceress comes into view.
She is wielding a +0 club.
Found a scroll of identify.
Found a stone staircase leading down.
Jessica shouts!
A bat comes into view.
Jessica mumbles some strange words.
Jessica blinks!
You block the bat's attack.
You hit the bat but do no damage. The bat hits you but does no damage. x4
Jessica casts a spell at you. Pain shoots through your body!
You take 5 damage, and have 25/30 hp.
You slash the bat!
You kill the bat!
Jessica points at you and mumbles some strange words.
Pain shoots through your body!
You take 11 damage, and have 14/30 hp. !!!!--MASSIVE DAMAGE--!!!!
You are too injured to fight recklessly!
You are too injured to fight recklessly!
Jessica casts a spell at you. Pain shoots through your body!
* * * LOW HITPOINT WARNING * * *
You take 14 damage, and have 1/30 hp. !!!!--MASSIVE DAMAGE--!!!!
Jessica points at you and mumbles some strange words.
Pain shoots through your body!
You die...

#..)..#.######.##.#
#.###.............#
##.###.####.....####
#.....†...#.....#####
#..###.##............
#......####.....#####
#......##.#.....#####
#.<<..........#..†...
##..@...###.#.######.
#####......#[...........
#.....#.##.#.#..>.......
#.##.#..##....##.#######
#.....@.†#.#.# #.# #
#........#.#.# #.# #
#....#...#.# # #.# #
#...#>#?.#.# .
##...#...#.# #


You could see Jessica.

Vanquished Creatures
  An adder (D:2)
  A worm (D:2)
  2 dart slugs (D:1)
  3 endoplasms (D:1)
  2 giant cockroaches
  6 goblins
  3 hobgoblins
  2 quokkas
  3 ball pythons
  5 bats
  2 frilled lizards (D:1)
  10 kobolds
  2 rats
42 creatures vanquished.

Notes
Turn   | Place    | Note
-------+----------+-------------------------------------------
     0 | D:1      | Iich the Demonspawn Fighter began the quest for the Orb.
     0 | D:1      | Reached XP level 1. HP: 18/18 MP: 1/1
   144 | D:1      | Gained mutation: You have a pair of small horns on your
                  | head. [demonic ancestry]
   144 | D:1      | Reached XP level 2. HP: 24/24 MP: 2/2
   239 | D:1      | Reached skill level 1 in Dodging
   487 | D:1      | Gained mutation: You have a pair of horns on your head.
                  | [demonic ancestry]
   487 | D:1      | Reached XP level 3. HP: 28/29 MP: 3/3
   940 | D:2      | Noticed Jessica
   946 | D:2      | HP: 1/30 [Jessica/nerve-wracking pain (14)]
   947 | D:2      | Killed from afar by Jessica

Illustrated notes

Levels and vault maps discovered:
D:1:      saegor_arrival_simple_a, layout_rooms
D:2:      layout_loops_ring, st_stairs_14, feat_on_display, uniq_jessica

Skill      XL: |  1  2 |
---------------+-------+-----
Axes           | 2 |  2.5
Dodging        | 1 |  1.6
Fighting       | |  3.7
Armour         | |  2.6
Shields        | |  2.6

Action                     || total
---------------------------++-------
  Melee: War axe           ||   107
         Headbutt          ||    13
    Use: Scroll            ||     4
 Armour: Scale mail        ||    61
  Dodge: Dodged            ||    52
  Block: Buckler           ||    21

Table legend: (Time is in decaauts)
 A = Elapsed time spent in this place.
 B = Non-inter-level travel time spent in this place.
 C = Inter-level travel time spent in this place.
 D = Time resting spent in this place.
 E = Time spent auto-exploring this place.
 F = Levels seen in this place.
 G = Mean time per level.
                   A        B        C        D        E       F      G
               +--------+--------+--------+--------+--------+-----+--------+
         Total |    991 |    959 |     32 |      0 |    616 |   2 |  495.5 |
       Dungeon |    991 |    959 |     32 |      0 |    616 |   2 |  495.5 |
               +--------+--------+--------+--------+--------+-----+--------+

Top non-repeatable levels by time:
     D:1: 596 daAuts
     D:2: 395 daAuts
